Selects Airborne Battlegroup
Selects Heavy Machine Gun Paradrop
Heavy Machine Gun Paradrop
Heavy Machine Gun Paradrop
Construct Medical Station
Selects Paratrooper Squad Paradrop
Paratrooper Squad Paradrop
Paratrooper Squad Paradrop
Construct Weapon Support Center
Selects Anti-tank Gun Team Paradrop
M18 Hellcat Tank Destroyer
M18 Hellcat Tank Destroyer
Selects Dual P-47 Rocket Strike
M18 Hellcat Tank Destroyer